Map: Cyber Forest LE

Players

Reynor - Winner!

  • Race: Zerg Zerg
  • League: Master
  • Spawn Location: 11:00

ShoWTimE

  • Race: Protoss Protoss
  • League: Grandmaster
  • Spawn Location: 5:00

Event: 2019 WCS Winter Europe

VOD

Have the link to the VOD?

Description

Time

  • Played on: March 23, 2019, 10:18 a.m.
  • Length: 17:12

All games in this series

Show
View Real Time Build Order
Export as new Build Order

Reynor Zerg - Winner!

Build Orders: Hatch First, Brood Lord Corruptor, Muta Ling Bane 

Get SALT Encoding   

  12  0:00  Drone  
  13  0:12  Overlord  
  13  0:17  Drone  
  14  0:30  Drone  
  15  0:39  Drone  
  15  0:40  Drone  
  17  0:48  Drone  
  18  1:00  Hatchery, Drone  
  18  1:03  Extractor  
  17  1:14  Spawning Pool  
  17  1:17  Drone  
  17  1:21  Drone  
  18  1:28  Drone  
  19  1:40  Drone  
  20  1:54  Overlord  
  20  2:02  Queen  
  22  2:12  Queen, Zergling x4  
  22  2:14  Drone  
  27  2:21  Drone  
  28  2:24  Drone  
  29  2:33  Drone  
  29  2:34  Drone  
  31  2:42  Hatchery  
  31  2:44  Drone  
  31  2:46  Drone  
  32  2:53  Overlord  
  32  2:55  Zergling x2  
  33  2:59  Queen  
  33  3:04  Drone  
  36  3:09  Overlord  
  36  3:14  Drone  
  36  3:16  Drone x2  
  36  3:17  Zergling x4  
  40  3:20  Drone  
  40  3:25  Drone x2  
  43  3:28  Drone  
  43  3:30  Lair, Drone  
  45  3:37  Drone  
  45  3:39  Drone  
  47  3:42  Extractor  
  47  3:44  Extractor, Roach Warren  
  47  3:48  Drone  
  45  3:55  Drone x5  
  50  4:01  Overlord  
  49  4:17  Drone x2  
  50  4:23  Roach x7  
  64  4:25  Overlord  
  64  4:26  Overlord  
  64  4:28  Overseer  
  66  4:38  Roach  
  66  4:39  Glial Reconstitution  
  66  4:49  Drone x4  
  66  4:50  Roach, Drone  
  66  4:51  Drone x4  
  73  4:56  Drone x3  
  73  4:59  Drone  
  75  5:02  Drone x2  
  77  5:09  Drone x3  
  77  5:10  Drone  
  77  5:13  Overseer  
  80  5:14  Drone  
  80  5:18  Overlord x2  
  81  5:25  Extractor  
  81  5:26  Extractor, Drone  
  80  5:30  Drone  
  80  5:32  Evolution Chamber  
  80  5:33  Drone x2  
  80  5:34  Spore Crawler  
  81  5:37  Roach, Spire  
  81  5:38  Drone  
  81  5:40  Drone  
  84  5:47  Spore Crawler, Roach x2, Extractor  
  84  5:48  Roach  
  84  5:49  Drone  
  89  5:51  Drone  
  89  5:53  Roach  
  92  6:00  Overlord  
  90  6:04  Drone x3  
  90  6:10  Drone x3  
  90  6:11  Drone x3  
  96  6:13  Drone x2  
  96  6:17  Drone  
  98  6:20  Drone x2  
  98  6:21  Metabolic Boost, Drone  
  101  6:27  Zerg Melee Weapons Level 1  
  101  6:31  Drone  
  102  6:34  Overlord  
  102  6:43  Roach x2  
  102  6:44  Hatchery  
  102  6:45  Overlord x2  
  105  6:52  Mutalisk x3  
  105  6:53  Mutalisk  
  111  7:00  Drone  
  114  7:02  Baneling Nest  
  114  7:03  Mutalisk x3  
  119  7:09  Roach x3  
  124  7:16  Drone  
  124  7:17  Drone x4  
  129  7:24  Overlord  
  129  7:30  Zergling x2  
  129  7:32  Overlord x2  
  129  7:33  Pneumatized Carapace  
  130  7:38  Overlord  
  130  7:43  Zergling x16  
  138  7:47  Centrifical Hooks  
  138  7:50  Overlord  
  138  7:52  Zergling x6  
  138  7:54  Drone  
  138  7:56  Roach  
  138  7:57  Ravager x4  
  148  7:59  Roach  
  150  8:06  Zergling x2  
  150  8:07  Zergling x4  
  150  8:10  Drone x3  
  150  8:11  Drone  
  157  8:15  Zergling x2  
  157  8:18  Zergling x4  
  160  8:22  Queen, Zergling x2  
  160  8:23  Overlord  
  160  8:25  Zergling x6  
  166  8:28  Zergling x2  
  167  8:34  Zergling x4  
  167  8:37  Ravager, Zergling x2  
  167  8:38  Ravager x3  
  167  8:40  Overlord  
  174  8:44  Zergling x6  
  174  8:46  Zergling x2  
  176  8:49  Infestation Pit, Zergling x4  
  176  8:50  Zergling x2  
  176  8:53  Overlord  
  176  8:54  Zerg Melee Weapons Level 2  
  178  8:56  Overlord  
  178  8:59  Hatchery  
  177  9:05  Baneling x29  
  177  9:11  Zergling x20  
  185  9:19  Zergling x4  
  185  9:20  Zergling x2  
  185  9:23  Zergling x6  
  191  9:25  Baneling  
  191  9:26  Overlord, Baneling x14  
  191  9:28  Zergling x6  
  194  9:32  Spore Crawler, Drone  
  194  9:33  Hive  
  194  9:35  Zergling x4  
  196  9:45  Zergling x8  
  199  9:47  Overlord  
  200  10:11  Zergling x4  
  200  10:13  Baneling x5  
  200  10:16  Overseer  
  192  10:34  Zergling x22  
  192  10:35  Zergling x8  
  192  10:40  Zergling x6  
  192  10:42  Roach x2, Zergling x4  
  187  10:44  Zergling x2  
  183  10:50  Zergling x4  
  183  10:51  Baneling x2  
  183  10:55  Baneling  
  183  10:56  Baneling  
  184  10:57  Zergling x6  
  184  10:59  Roach x2  
  184  11:00  Zergling x2  
  184  11:03  Baneling x6  
  184  11:04  Baneling x10, Zergling x2  
  179  11:09  Zergling x8  
  179  11:10  Greater Spire, Zerg Missile Weapons Level 1  
  177  11:13  Adrenal Glands  
  177  11:14  Zergling x14  
  177  11:17  Baneling x11  
  177  11:18  Roach x2  
  182  11:23  Zergling x4  
  182  11:31  Hatchery, Zergling x2  
  182  11:32  Zergling x4  
  179  11:36  Zergling x6  
  179  11:39  Baneling  
  171  11:40  Baneling x9  
  171  11:43  Baneling  
  171  11:44  Baneling x7, Corruptor x2  
  171  11:45  Zergling x2  
  176  11:47  Queen  
  176  11:53  Zergling x10  
  155  11:55  Baneling x4  
  155  12:00  Baneling x3  
  156  12:01  Zergling x2  
  156  12:04  Zergling x2  
  156  12:08  Zergling x2  
  142  12:10  Zergling x2  
  142  12:13  Baneling x10  
  137  12:17  Extractor  
  137  12:18  Extractor, Zergling x16  
  143  12:25  Brood Lord  
  143  12:26  Zergling x8  
  143  12:28  Brood Lord  
  150  12:37  Swarm Host, Drone x2  
  155  12:46  Corruptor x2  
  155  12:49  Zergling x14  
  155  12:50  Zergling x2  
  167  12:53  Hatchery  
  160  13:10  Corruptor  
  160  13:11  Corruptor x2  
  160  13:12  Zergling x16  
  169  13:13  Queen  
  169  13:16  Brood Lord  
  162  13:21  Brood Lord  
  162  13:29  Zergling x2  
  162  13:30  Zergling x16  
  162  13:33  Corruptor  
  171  13:45  Zerg Melee Weapons Level 3  
  171  13:46  Brood Lord  
  171  13:47  Zergling x14  
  180  13:52  Brood Lord  
  180  13:57  Zergling x4  
  180  13:58  Zergling x6  
  184  14:07  Zergling x10  
  184  14:08  Corruptor x2  
  184  14:16  Baneling x12  
  180  14:21  Brood Lord  
  177  14:24  Drone x3  
  177  14:26  Zergling x4  
  181  14:34  Zergling x12  
  187  14:51  Brood Lord x2  
  187  14:52  Corruptor x3  
  193  14:56  Zergling x8  
  194  15:03  Brood Lord  
  196  15:12  Baneling x2  
  188  15:15  Zergling x20  
  188  15:19  Ravager  
  195  15:28  Brood Lord  
  191  15:37  Brood Lord x2  
  173  15:51  Zergling x36  
  190  16:00  Corruptor x2  
  190  16:10  Zergling x12  
  195  16:13  Baneling x19  
  195  16:16  Zergling x4  
  195  16:17  Zergling x2  
  197  16:32  Baneling x2  
  197  16:33  Baneling x4  
  197  16:37  Hatchery  
  182  16:45  Zergling x30  
Show
View Real Time Build Order
Export as new Build Order

ShoWTimE Protoss 

Build Orders: 1 Gate Expand, Archon Immortal, Archon Drop, Dark Templar Rush 

Get SALT Encoding   

  12  0:00  Probe  
  13  0:13  Pylon  
  13  0:14  Probe  
  14  0:22  Probe  
  15  0:32  Probe  
  16  0:39  Gateway  
  16  0:44  Probe  
  16  0:48  Assimilator  
  17  0:56  Probe  
  18  1:08  Probe  
  19  1:20  Probe  
  20  1:26  Nexus  
  20  1:40  Cybernetics Core  
  20  1:41  Probe  
  20  1:45  Assimilator  
  21  1:53  Probe  
  22  1:54  Pylon  
  22  2:05  Probe  
  22  2:06  Adept  
  23  2:17  Probe  
  26  2:23  Warp Gate  
  26  2:29  Probe  
  27  2:35  Twilight Council, Probe  
  27  2:36  Stalker  
  29  2:37  Probe  
  29  2:43  Probe  
  31  2:45  Probe  
  33  2:54  Probe, Robotics Facility  
  33  2:56  Probe  
  35  3:06  Probe, Adept  
  35  3:08  Probe  
  39  3:18  Probe  
  40  3:20  Probe  
  41  3:29  Dark Shrine  
  41  3:30  Probe  
  41  3:31  Gateway  
  42  3:36  Gateway, Warp Prism  
  42  3:39  Gateway  
  44  3:51  Pylon  
  44  3:53  Probe  
  45  3:56  Assimilator  
  45  3:59  Assimilator, Probe  
  46  4:09  Probe  
  47  4:10  Pylon  
  47  4:11  Probe  
  47  4:15  Pylon  
  48  4:18  Probe  
  48  4:23  Probe  
  50  4:26  Probe  
  51  4:36  Probe x2  
  52  4:44  Dark Templar x4  
  61  4:49  Observer  
  60  4:53  Pylon  
  58  5:00  Probe  
  58  5:04  Probe  
  60  5:07  Immortal  
  60  5:09  Nexus, Archon  
  60  5:11  Pylon, Archon  
  64  5:16  Sentry  
  64  5:17  Sentry  
  68  5:22  Probe x2  
  68  5:25  Sentry  
  72  5:28  Forge  
  72  5:34  Probe  
  72  5:35  Probe  
  74  5:38  Adept  
  74  5:41  Adept  
  78  5:42  Charge  
  78  5:44  Immortal  
  78  5:45  Protoss Ground Weapons Level 1  
  78  5:46  Probe  
  78  5:47  Probe, Pylon  
  84  6:09  Gateway  
  84  6:10  Gateway  
  80  6:19  Immortal  
  80  6:20  Gateway  
  80  6:21  Probe x2  
  82  6:26  Gateway  
  82  6:30  Templar Archives  
  86  6:33  Probe  
  86  6:34  Probe  
  88  6:40  Probe  
  88  6:45  Probe  
  88  6:46  Probe  
  91  6:50  Pylon  
  92  6:54  Photon Cannon  
  92  6:57  Pylon  
  92  6:59  Immortal  
  92  7:00  Photon Cannon  
  95  7:05  Stalker  
  95  7:06  Stalker  
  99  7:11  Probe x2  
  99  7:15  Pylon  
  101  7:17  Shield Battery  
  101  7:18  Photon Cannon  
  101  7:21  Stalker  
  103  7:23  Stalker  
  103  7:24  Protoss Ground Weapons Level 2  
  103  7:29  High Templar x2  
  109  7:31  Immortal  
  109  7:34  Assimilator, Archon  
  109  7:36  Assimilator, Probe x3  
  112  7:39  Pylon  
  114  7:49  Zealot x3  
  120  7:55  Pylon  
  118  8:08  Zealot x5  
  126  8:13  Pylon  
  130  8:23  Pylon  
  130  8:32  Immortal  
  128  8:36  Zealot x4  
  128  8:41  High Templar x2  
  138  8:42  Sentry x2  
  138  8:44  Probe  
  138  8:46  Archon  
  144  8:49  Pylon  
  144  8:51  Pylon  
  144  9:01  Psionic Storm, High Templar x2  
  144  9:02  Zealot x2  
  152  9:03  Probe x2  
  152  9:05  Archon  
  152  9:07  Immortal  
  152  9:14  Zealot  
  152  9:15  Zealot x3  
  164  9:26  High Templar  
  164  9:31  High Templar  
  168  9:38  Nexus  
  168  9:39  Pylon  
  167  9:48  High Templar  
  168  9:53  High Templar  
  168  9:55  Zealot x4  
  168  9:58  Pylon  
  168  9:59  Protoss Ground Weapons Level 3  
  177  10:02  High Templar  
  177  10:05  Photon Cannon  
  179  10:07  Photon Cannon  
  179  10:11  Zealot  
  181  10:15  Zealot  
  183  10:23  Zealot x3  
  185  10:29  Zealot x2  
  169  10:43  High Templar x2  
  169  10:44  Zealot x4  
  169  10:48  Archon  
  179  10:55  Zealot x2  
  179  11:07  High Templar x2  
  179  11:09  Stalker x2  
  181  11:17  Probe x3  
  181  11:18  Probe  
  181  11:19  Stalker x3  
  181  11:21  Blink  
  187  11:25  Zealot  
  189  11:35  Zealot x2  
  189  11:39  Immortal  
  173  11:54  Zealot x6  
  137  11:55  Probe  
  137  11:56  Probe x2  
  137  11:58  Zealot  
  137  11:59  Archon  
  118  12:14  High Templar x2  
  118  12:15  Probe x3  
  118  12:16  Probe  
  118  12:17  Observer  
  121  12:25  High Templar  
  121  12:29  Immortal, High Templar  
  125  12:30  Zealot x2  
  125  12:31  Zealot x2  
  125  12:33  Assimilator  
  125  12:36  Assimilator  
  133  12:39  Photon Cannon  
  133  12:42  Photon Cannon  
  137  12:46  Zealot  
  137  12:47  High Templar  
  137  12:48  Zealot x4  
  149  12:55  Pylon  
  141  13:05  Zealot x3  
  147  13:08  Zealot x3  
  147  13:11  Zealot  
  140  13:15  Immortal  
  124  13:24  Zealot  
  116  13:30  Zealot x2  
  116  13:33  High Templar x2  
  126  13:34  High Templar  
  126  13:36  High Templar  
  130  13:41  Archon x2  
  130  13:51  High Templar  
  130  13:52  Zealot x2, High Templar  
  134  13:56  Archon  
  134  14:06  Stargate  
  134  14:09  Zealot x4  
  124  14:15  Zealot x2  
  123  14:27  Stalker x4  
  123  14:30  Stalker x3  
  137  14:39  Stalker  
  135  14:45  Stalker x2  
  139  14:55  Stalker x2  
  139  14:56  Stalker  
  145  15:04  Stalker x2  
  149  15:13  High Templar x3  
  149  15:18  Archon  
  147  15:23  Zealot x2  
  147  15:24  Zealot  
  147  15:28  Stalker  
  152  15:37  Probe x3  
  152  15:38  Zealot  
  101  15:50  Zealot x2  
  101  15:59  Zealot  
  103  16:06  High Templar x2  
  107  16:15  High Templar x2  
  107  16:16  High Templar  
  113  16:18  High Templar  
  113  16:22  Archon  
  113  16:23  Archon  
  115  16:25  Archon  
  115  16:27  High Templar x2  
  115  16:32  Archon  
  111  16:42  Stalker x2  
  106  16:49  Zealot x3  
Tags
 
Add a new tag
Caveats
  • Supply blocks, unpowered buildings, or Contaminate may cause inaccurate times.
  • Supply counts are checked every 10 seconds.